 Dungeon Crawl Stone Soup version 0.30.0-29-ga12c61a403 (webtiles) character file.

Game seed: 3275306744599436608

32 Elmgren the Shooter (level 3, -9/21 HPs)
             Began as a Gargoyle Hunter on June 23, 2023.
             Killed from afar by Terence (10 damage)
             ... with a bolt of dispelling energy
             ... on level 2 of the Dungeon.
             The game lasted 00:01:29 (912 turns).

Elmgren the Shooter (Gargoyle Hunter)                Turns: 912, Time: 00:01:29

Health: -9/21      AC:  6    Str: 14    XL:     3   Next: 25%
Magic:  3/3        EV: 11    Int:  9    God:
Gold:   102        SH:  0    Dex: 15    Spells: 2/2 levels left

rFire   . . .        d - +3 sling (flame)
rCold   . . .        (no shield)
rNeg    + . .        c - +0 leather armour
rPois   ∞            (no helmet)
rElec   +            (no cloak)
rCorr   .            (no gloves)
SInv    .            (no boots)
Will    .....        (no amulet)
Stlth   ++           (no ring)
HPRegen 0.23/turn    (no ring)
MPRegen 0.08/turn

%: no passive effects
@: no status effects
A: sickness immunity, AC +3, negative energy resistance 1, electricity
resistance, torment resistance 1, petrification resistance
a: no special abilities


You were on level 2 of the Dungeon.
You visited 1 branch of the dungeon, and saw 2 of its levels.

You collected 102 gold pieces.

Inventory:

Hand Weapons
 d - a +3 sling of flaming (weapon)
Armour
 c - a +0 leather armour (worn)
Jewellery
 e - an amulet of guardian spirit
Scrolls
 b - 2 scrolls of immolation
Potions
 a - a potion of flight {unknown}
 g - a potion of heal wounds {unknown}
 i - 2 potions of haste


   Skills:
 - Level 2.1 Fighting
 + Level 5.0 Ranged Weapons
 - Level 1.5 Dodging
 - Level 1.1 Stealth


You had 2 spell levels left.
You didn't know any spells.
Your spell library contained the following spells:

 Spells                   Type           Power      Damage    Failure   Level
 Stone Arrow              Conj/Erth      0%         3d7       83%         3
 Animate Armour           Summ/Erth      0%         N/A       99%         4
 Lehudib's Crystal Spear  Conj/Erth      0%         10d2      100%        8


Dungeon Overview and Level Annotations

Branches:
Dungeon (2/15) Zot: 11067

Altars:

Annotations:
D:2 Terence


Innate Abilities, Weirdness & Mutations

You are immune to sickness and miasma.
Your stone body is resilient. (AC +3)
You are immune to poison.
You resist negative energy. (rN+)
You are resistant to electric shocks. (rElec)
You are resistant to unholy torment.
You are immune to petrification.


Message History

There is an escape hatch in the floor here.
Really go through this one-way escape hatch?
Okay, then.
There is a stone staircase leading down here.
You climb downwards.
There is a stone staircase leading up here.
No target in view!
A frilled lizard comes into view.
You shoot a sling bullet.
The sling bullet hits the frilled lizard.
The sling bullet burns the frilled lizard.
You kill the frilled lizard!
a - a silvery potion No target in view!
Found a stone staircase leading down.
No target in view!
Terence the Incautious comes into view.
He is wielding a +0 flail and carrying a wand of quicksilver (10).
You shoot a sling bullet.
The sling bullet hits Terence but does no damage.
Terence shouts!
Terence is nearby!
You shoot a sling bullet. The sling bullet barely misses Terence.
Terence is nearby!
You shoot a sling bullet. The sling bullet barely misses Terence.
Terence is nearby!
You shoot a sling bullet. The sling bullet hits Terence.
The sling bullet burns Terence.
A goblin comes into view. It is wielding a +0 club.
Terence zaps a wand.
The bolt of dispelling energy hits you!
Ouch! That really hurt!
* * * LOW HITPOINT WARNING * * *
There are monsters nearby!
You take 16 damage, and have 5/21 hp.
MASSIVE DAMAGE!!
You are too injured to fight recklessly!
There are monsters nearby!
Terence zaps a wand.
The bolt of dispelling energy hits you.
* * * LOW HITPOINT WARNING * * *
You take 5 damage, and have 1/21 hp.
MASSIVE DAMAGE!!
Terence zaps a wand.
The bolt of dispelling energy hits you!
You die...

## ##.## ####...##
........ #############
#...###@...........
#.......##.########
#?@#######.###
#...>........######.#
...########.#........#
g#.. #....#####..# ..
#.. ###....## # #.
##.......# #.
#....[...#


You could see Terence.

Vanquished Creatures
  2 dart slugs (D:1)
  2 bats (D:1)
  5 endoplasms (D:1)
  3 giant cockroaches (D:1)
  2 goblins (D:1)
  2 hobgoblins (D:1)
  2 ball pythons (D:1)
  A frilled lizard (D:2)
  4 kobolds (D:1)
  2 rats (D:1)
25 creatures vanquished.

Notes
Turn   | Place    | Note
-------+----------+-------------------------------------------
     0 | D:1      | Elmgren the Gargoyle Hunter began the quest for the Orb.
     0 | D:1      | Reached XP level 1. HP: 12/12 MP: 1/1
    69 | D:1      | Reached XP level 2. HP: 17/17 MP: 2/2
   244 | D:1      | Found a faded altar of an unknown god.
   342 | D:1      | Reached XP level 3. HP: 21/21 MP: 3/3
   376 | D:1      | Reached skill level 5 in Ranged Weapons
   616 | D:1      | Identified a scroll of acquirement
   616 | D:1      | Acquired a +3 sling of flaming
   904 | D:2      | Noticed Terence
   911 | D:2      | HP: 1/21 [Terence/bolt of dispelling energy (5)]
   912 | D:2      | Killed from afar by Terence

Illustrated notes

Levels and vault maps discovered:
D:1:      mushboom_english_gardens, layout_basic, ebering_ecumenical_altar_box
D:2:      layout_loops_ring, basic_altar, glass_columns_b, uniq_terence

Skill      XL: |  1  2  3 |
---------------+----------+-----
Ranged Weapons | 5 |  5.0
Fighting       | |  2.1
Dodging        | |  1.5
Stealth        | |  1.1

Action                     || total
---------------------------++-------
   Fire: Shortbow          ||    67
         Sling             ||     5
    Use: Scroll            ||     3
 Armour: Leather armour    ||    12
  Dodge: Dodged            ||    24
